 Dungeon Crawl Stone Soup version 0.29.0-4-gdea44cf6ec (webtiles) character file.

Game seed: 18307157473376056137

329 qw the Chopper (level 6, 0/35 HPs)
             Began as a Tengu Warper on Aug 28, 2022.
             Succumbed to a kobold's poison
             ... on level 4 of the Dungeon.
             The game lasted 00:00:22 (3792 turns).

qw the Chopper (Tengu Warper)                       Turns: 3792, Time: 00:00:23

Health: 0/35       AC:  9    Str: 14    XL:     6   Next: 50%
Magic:  10/10      EV:  8    Int: 13    God:
Gold:   107        SH:  0    Dex: 22    Spells: 9/9 levels left

rFire   + . .      SeeInvis +   Y - +1 hand axe
rCold   . . .      Faith    .   (no shield)
rNeg    . . .      Spirit   .   k - +0 chain mail
rPois   .          Reflect  .   (helmet restricted)
rElec   +          Harm     .   j - +0 cloak
rCorr   .          Rampage  .   (no gloves)
Will    .....                   (boots unavailable)
Stlth   ..........              (no amulet)
HPRegen 0.11/turn               b - ring "Cympotzo" {rElec rF+ Dex+9 SInv}
MPRegen 0.12/turn               (no ring)

@: lethally poisoned (0 -> -3), flying quickly and evasively, quick
A: beak, talons 3, nimble flight
a: no special abilities


You were on level 4 of the Dungeon.
You visited 1 branch of the dungeon, and saw 4 of its levels.

You collected 159 gold pieces.
You spent 52 gold pieces at shops.


Innate Abilities, Weirdness & Mutations

You have a beak for a mouth.
You have claws for feet.
Your magical nature lets you fly swiftly and evasively.


   Skills:
 + Level 2.0 Fighting
 - Level 7.1 Axes
 - Level 1.0 Throwing
 - Level 2.0 Armour
 - Level 2.1 Dodging
 - Level 2.0 Spellcasting
 - Level 2.4 Translocations


You had 9 spell levels left.
You didn't know any spells.
Your spell library contained the following spells:

 Spells                   Type           Power      Damage    Failure   Level
 Blink                    Tloc           14%        N/A       98%         2
 Gell's Gravitas          Tloc           7%         N/A       100%        3
 Lesser Beckoning         Tloc           7%         N/A       100%        3
 Teleport Other           Tloc           7%         N/A       100%        3
 Manifold Assault         Tloc           7%         N/A       100%        5

Inventory:

Hand Weapons
 d - a +0 flail
 Y - a +1 hand axe (weapon)
Missiles
 h - 3 boomerangs (quivered)
Armour
 j - a +0 cloak (worn)
 k - a +0 chain mail (worn)
Jewellery
 b - the ring "Cympotzo" (left hand) {rElec rF+ Dex+9 SInv}
   (You acquired it on level 2 of the Dungeon)

   [ring of see invisible]

   Dex:       It affects your dexterity (+9).
   rF:        It protects you from fire.
   rElec:     It insulates you from electricity.
   SInv:      It lets you see invisible.
 g - a ring of willpower
 n - a ring of poison resistance
Scrolls
 m - a scroll of teleportation
 o - a scroll of identify
Potions
 a - a potion of might {unknown}
 c - a potion of mutation {unknown}
 e - 4 potions of curing
 f - a potion of berserk rage {unknown}
 i - a potion of haste {unknown}
 l - a potion of lignification {unknown}

Dungeon Overview and Level Annotations

Branches:
Dungeon (4/15)
 Temple: D:4-7

Altars:
Ashenzari
Gozag

Shops:
D:3 *


Message History

3763 ||| FLEEEEING.
You feel very sick.
3764 ||| FLEEEEING.
You feel sick.
3765 ||| FLEEEEING.
You feel sick.
You feel sick.
You feel sick.
You feel sick.
You feel sick.
You feel sick.
You feel sick.
You feel sick.
You are no longer poisoned.
You start resting.
A kobold is nearby!
3780 ||| FLEEEEING.
You see here 5 stones.
3782 ||| FLEEEEING.
3783 ||| FLEEEEING.
The kobold throws a poisoned dart.
The poisoned dart hits you!
You are poisoned.
3784 ||| FLEEEEING.
You feel sick.
The kobold throws a poisoned dart.
The poisoned dart hits you!
You are lethally poisoned!
3785 ||| FLEEEEING.
You feel very sick.
The kobold throws a poisoned dart.
The poisoned dart barely misses you.
3786 ||| FLEEEEING.
You feel very sick.
3787 ||| FLEEEEING.
You feel sick.
3788 ||| FLEEEEING.
You feel sick.
3789 ||| FLEEEEING.
You feel sick.
3790 ||| FLEEEEING.
You feel sick.
You feel sick.
You die...

#.#
#.##.###########.#
#.# #.##.## #.#
#.#
#.##..############
#.#
#.##........#..8#
#.#
#.#............_#
#.#
#.#.........#..8#
#.#
#.#...###########
#.# #.##.## #.#
#.##@#
#.#######.####
#.........#
###########


There were no monsters in sight!

Vanquished Creatures
  A necrophage (D:4)
  2 hounds (D:4)
  An iguana (D:4)
  Robin (D:4)
  4 gnolls (D:3)
  3 adders
  3 worms
  2 dart slugs
  An orc (D:4)
  7 bats
  7 endoplasms
  2 giant cockroaches (D:3)
  18 goblins
  11 hobgoblins
  3 jackals (D:4)
  4 quokkas
  7 ball pythons
  A frilled lizard (D:2)
  5 kobolds
  5 rats
88 creatures vanquished.

Vanquished Creatures (others)
  13 plants (D:4)
13 creatures vanquished.

Grand Total: 101 creatures vanquished

Notes
Turn   | Place    | Note
-------+----------+-------------------------------------------
     0 | D:1      | qw the Tengu Warper began the quest for the Orb.
     0 | D:1      | Reached XP level 1. HP: 12/12 MP: 4/4
     0 | D:1      | 0 ||| qw: Version: 0.1-a-89-g26bdef1
     0 | D:1      | 0 ||| qw: Game counter: 1605
     0 | D:1      | 0 ||| qw: Always use a shield: true
     0 | D:1      | 0 ||| qw: God list: Okawaru
     0 | D:1      | 0 ||| qw: Allow faded altars: false
     0 | D:1      | 0 ||| qw: Do Orc after D:15 true
     0 | D:1      | 0 ||| qw: Do second Lair branch before Depths: true
     0 | D:1      | 0 ||| qw: Lair rune preference: random
     0 | D:1      | 0 ||| qw: Plans: Normal
     0 | D:1      | 0 ||| PLANNING D:1-11
   149 | D:1      | 149 ||| Stepping ~*~*~tactically~*~*~ (hiding).
   159 | D:1      | Reached skill level 3 in Axes
   159 | D:1      | Reached XP level 2. HP: 10/17 MP: 6/6
   694 | D:1      | 694 ||| Stepping ~*~*~tactically~*~*~ (stealth).
   696 | D:1      | 696 ||| Stepping ~*~*~tactically~*~*~ (stealth).
   710 | D:1      | 710 ||| Stepping ~*~*~tactically~*~*~ (stealth).
   770 | D:1      | 770 ||| Stepping ~*~*~tactically~*~*~ (stealth).
   808 | D:1      | You fall into a shaft and drop 1 floor!
   821 | D:2      | Reached XP level 3. HP: 21/21 MP: 7/7
   873 | D:2      | 873 ||| READING scroll labelled TUMMIB GAJU.
   874 | D:2      | 874 ||| READING scroll labelled BOCYHEI XEWIDE.
   875 | D:2      | 875 ||| DROPPING scroll of blinking.
  1060 | D:1      | 1060 ||| Stepping ~*~*~tactically~*~*~ (stealth).
  1061 | D:1      | 1061 ||| Stepping ~*~*~tactically~*~*~ (stealth).
  1068 | D:1      | Reached skill level 4 in Axes
  1136 | D:1      | Found a faded altar of an unknown god.
  1296 | D:2      | 1296 ||| Stepping ~*~*~tactically~*~*~ (stealth).
  1911 | D:2      | 1911 ||| Stepping ~*~*~tactically~*~*~ (stealth).
  2181 | D:2      | 2181 ||| UPGRADING to +0 scale mail.
  2191 | D:2      | 2191 ||| DROPPING +0 leather armour.
  2192 | D:2      | 2192 ||| UPGRADING to +0 cloak.
  2197 | D:2      | 2197 ||| UPGRADING to +0 chain mail.
  2207 | D:2      | 2207 ||| DROPPING +0 scale mail.
  2208 | D:2      | 2208 ||| READING scroll labelled LEOFA HEHO.
  2209 | D:2      | 2209 ||| READING scroll labelled MIDDEIZX OBIKU.
  2209 | D:2      | Identified a scroll of acquirement
  2209 | D:2      | 2209 ||| ACQUIRING ring "Cympotzo" {rElec rF+ Dex+9 SInv}
  2209 | D:2      | Acquired the ring "Cympotzo" {rElec rF+ Dex+9 SInv}
  2211 | D:2      | 2211 ||| UPGRADING to ring "Cympotzo" {rElec rF+ Dex+9
                  | SInv}.
  2212 | D:2      | 2212 ||| READING scroll labelled SUM WEAHIFRUETECI.
  2253 | D:3      | 2253 ||| Stepping ~*~*~tactically~*~*~ (stealth).
  2256 | D:3      | 2256 ||| Stepping ~*~*~tactically~*~*~ (stealth).
  2257 | D:3      | 2257 ||| Stepping ~*~*~tactically~*~*~ (stealth).
  2284 | D:3      | 2284 ||| Stepping ~*~*~tactically~*~*~ (stealth).
  2286 | D:3      | Reached XP level 4. HP: 26/26 MP: 8/8
  2292 | D:3      | Reached skill level 5 in Axes
  2459 | D:3      | 2459 ||| DROPPING +0 whip.
  2604 | D:3      | Found a broken altar of Ashenzari.
  2739 | D:3      | Found Qizevva's General Store.
  2746 | D:3      | 2746 ||| BUYING scroll of identify (26 gold).
  2746 | D:3      | Bought a scroll of identify for 26 gold pieces
  2746 | D:3      | 2746 ||| BUYING scroll of identify (26 gold).
  2746 | D:3      | Bought a scroll of identify for 26 gold pieces
  2973 | D:3      | Gained mutation: Your magical nature lets you fly swiftly
                  | and evasively. [Tengu growth]
  2973 | D:3      | Reached XP level 5. HP: 30/30 MP: 9/9
  3041 | D:3      | 3041 ||| READING scroll labelled XEFEHU QEMALAKK.
  3042 | D:3      | 3042 ||| READING scroll labelled JOAHIBOHORGHU.
  3043 | D:3      | 3043 ||| READING scroll labelled TADUEZ ETI.
  3044 | D:3      | 3044 ||| DRINKING 5 blue potions.
  3045 | D:3      | 3045 ||| READING 2 scrolls of identify.
  3045 | D:3      | 3045 ||| IDENTIFYING murky green potion
  3046 | D:3      | 3046 ||| DROPPING potion of brilliance.
  3255 | D:4      | 3255 ||| Stepping ~*~*~tactically~*~*~ (stealth).
  3261 | D:4      | Reached skill level 6 in Axes
  3272 | D:4      | 3272 ||| Stepping ~*~*~tactically~*~*~ (stealth).
  3301 | D:4      | 3301 ||| Stepping ~*~*~tactically~*~*~ (stealth).
  3322 | D:4      | Noticed Robin
  3323 | D:4      | 3323 ||| Stepping ~*~*~tactically~*~*~ (hiding).
  3332 | D:4      | Killed Robin
  3345 | D:4      | 3345 ||| Stepping ~*~*~tactically~*~*~ (hiding).
  3387 | D:4      | 3387 ||| FLEEEEING.
  3467 | D:4      | Reached XP level 6. HP: 34/35 MP: 10/10
  3584 | D:4      | Reached skill level 7 in Axes
  3687 | D:4      | Found an opulent altar of Gozag.
  3761 | D:4      | 3761 ||| FLEEEEING.
  3762 | D:4      | 3762 ||| FLEEEEING.
  3763 | D:4      | 3763 ||| FLEEEEING.
  3764 | D:4      | 3764 ||| FLEEEEING.
  3765 | D:4      | 3765 ||| FLEEEEING.
  3780 | D:4      | 3780 ||| FLEEEEING.
  3782 | D:4      | 3782 ||| FLEEEEING.
  3783 | D:4      | 3783 ||| FLEEEEING.
  3784 | D:4      | 3784 ||| FLEEEEING.
  3785 | D:4      | 3785 ||| FLEEEEING.
  3786 | D:4      | 3786 ||| FLEEEEING.
  3786 | D:4      | HP: 8/35 [poisoned by a kobold]
  3787 | D:4      | 3787 ||| FLEEEEING.
  3788 | D:4      | 3788 ||| FLEEEEING.
  3789 | D:4      | 3789 ||| FLEEEEING.
  3789 | D:4      | HP: 3/35 [poisoned by a kobold]
  3790 | D:4      | 3790 ||| FLEEEEING.
  3791 | D:4      | HP: 1/35 [poisoned by a kobold]
  3792 | D:4      | Succumbed to a kobold's poison

Levels and vault maps discovered:
D:1:      co_arrival_square_in_a_square_in_a_square, layout_loops_corners,
          shapermc_ecumenical_altar_acropolis, minivault_23, st_stairs_6
D:2:      layout_basic
D:3:      wander_river, layout_basic, lemuel_crystal_altar, serial_shops,
          nicolae_shop_crystal, minmay_surrounded
D:4:      minmay_bubble_buster, layout_basic, fedhas_altar_decomposition,
          grunt_gozag_breadcrumbs, minmay_temple_entry_from_below_a, uniq_robin

Skill      XL: |  1  2  3  4  5  6 |
---------------+-------------------+-----
Axes           | 3 4 5 6 7 |  7.1
Armour         | 2 |  2.0
Fighting       | |  2.0
Throwing       | |  1.0
Dodging        | |  2.1
Spellcasting   | |  2.0
Translocations | |  2.4

Action                   |  1- 3 |  4- 6 || total
-------------------------+-------+-------++-------
Melee: Hand axe          |    69 |    91 ||   160
       Peck              |     9 |    15 ||    24
       Kick              |    20 |    24 ||    44
       Punch             |       |     2 ||     2
Throw: Boomerang         |    28 |    39 ||    67
  Use: Scroll            |     5 |     4 ||     9
       Potion            |       |     1 ||     1
Armor: Leather armour    |    14 |       ||    14
       Chain mail        |     1 |    55 ||    56
Dodge: Dodged            |    29 |    36 ||    65

Table legend:
 A = Non-vault XP
 B = Vault XP
 C = Vault XP percentage of total XP
 D = Non-vault monster count
 E = Vault monster count
 F = Vault count percentage of total count
                 A         B        C        D         E       F
            +---------+---------+-------+---------+---------+-------
      Total |     422 |      48 |  10.2 |      70 |      18 |  20.5
            +---------+---------+-------+---------+---------+-------
        D:1 |      36 |       4 |  10.0 |      19 |       2 |   9.5
        D:2 |      34 |       0 |   0.0 |      16 |       0 |   0.0
        D:3 |      93 |      10 |   9.7 |      19 |       5 |  20.8
        D:4 |     259 |      34 |  11.6 |      16 |      11 |  40.7
            +---------+---------+-------+---------+---------+-------
